 Dungeon Crawl Stone Soup version 0.31-a0-246-g8cbcc1cb85 (webtiles) character file.

Game seed: 2744435983387062819

206 dolemite99 the Ruffian (level 5, -1/23 HPs)
             Began as a Minotaur Shapeshifter on July 12, 2023.
             Slain by an ogre
             ... wielding a +0 giant club
              (24 damage)
             ... on level 5 of the Dungeon.
             The game lasted 00:03:18 (2653 turns).

dolemite99 the Ruffian (Minotaur Shapeshifter)      Turns: 2653, Time: 00:03:18

Health: -1/23      AC:  8    Str: 26    XL:     5   Next: 53%
Magic:  4/4        EV: 10    Int:  5    God:
Gold:   56         SH:  0    Dex: 11    Spells: 4/4 levels left

rFire   . .          .
                       - Unarmed
rCold   . . .        f - melded +1 buckler {reflect}
rNeg    . . .        a - melded +0 animal skin
rPois   .            (helmet currently unavailable)
rElec   .            (cloak currently unavailable)
rCorr   .            (gloves currently unavailable)
SInv    .            (boots currently unavailable)
Will    .....        (no amulet)
Stlth   +            (no ring)
HPRegen 0.23/turn    (no ring)
MPRegen 0.09/turn

%: no passive effects
@: snake-form
A: constrict, amphibious, reduced hp, large, (horns 2), (retaliatory headbutt)
a: no special abilities


You were on level 5 of the Dungeon.
You were an enormous anaconda.
You visited 1 branch of the dungeon, and saw 4 of its levels.

You collected 80 gold pieces.
You spent 24 gold pieces at shops.

Inventory:

Missiles
 g - 2 throwing nets
 r - 4 poisoned darts
Armour
 a - a +0 animal skin (melded)
 f - a +1 buckler of reflection (melded)
Talismans
 c - a beast talisman
 d - a beast talisman
 i - a serpent talisman
 j - a beast talisman
 k - a maw talisman
Scrolls
 h - a scroll of noise
 n - a scroll of fear
 o - a scroll of identify {@r1}
Potions
 b - 3 potions of lignification
 e - a potion of magic {unknown}
 l - a potion of resistance
 m - a potion of haste {unknown}
 p - a potion of curing {unknown}
 q - a potion of heal wounds {unknown}


   Skills:
 - Level 2.4 Fighting
 - Level 2.1 Dodging
 + Level 4.7 Unarmed Combat
 + Level 3.6 Shapeshifting


You had 4 spell levels left.
You didn't know any spells.
Your spell library contained the following spells:

 Spells                   Type           Power      Damage    Failure   Level
 Dazzling Flash           Conj/Hex       0%         N/A       99%         3
 Volatile Blastmotes      Fire/Tloc      0%         2d10      99%         3
 Starburst                Conj/Fire      0%         6d3       100%        6
 Maxwell's Capacitive Co  Air            0%         ∞         100%        8


Dungeon Overview and Level Annotations

Branches:
Dungeon (3/15)

Altars:

Shops:
D:2 *


Innate Abilities, Weirdness & Mutations

You are an enormous anaconda.
You have a powerful constriction melee attack.
You are amphibious.
Your maximum health is decreased, since you lack skill for your form.
Your spellcasting is less reliable in this form.
Your armour is entirely melded.
You are incapable of wielding weapons or throwing items.
((You have a pair of horns on your head.))
((You reflexively headbutt those who attack you in melee.))


Message History

Found a throwing net.
The hound barks!
You see here 4 poisoned darts.
r - 4 poisoned darts A white imp is nearby!
A white imp is nearby!
No reachable target in view!
No reachable target in view!
The white imp shouts, "Embrace submission, thou fobbing moon-mazed socdollager!"
A white imp is nearby!
A white imp is nearby!
Okay, then.
There is a large open door here.
You begin transforming.
You continue transforming. x3
Your transformation has ended.
Your +1 buckler of reflection unmelds from your body.
Your +0 animal skin unmelds from your body.
You turn into a creature with a mouth for a stomach.
Your +0 animal skin melds into your body.
Okay, then.
You begin transforming.
You continue transforming. x3
Your transformation has ended.
Your +0 animal skin unmelds from your body.
You turn into a hulking beast.
You begin transforming.
You continue transforming. x3
Your transformation has ended.
You turn into an enormous anaconda.
Your +1 buckler of reflection melds into your body.
Your +0 animal skin melds into your body.
An ogre comes into view. It is wielding a +0 giant club.
The ogre shouts!
You hit the ogre. You grab the ogre.
The ogre is lightly wounded.
You constrict the ogre. The ogre barely misses you.
You hit the ogre but do no damage.
The ogre is lightly wounded.
You constrict the ogre.
The ogre hits you with a +0 giant club!!
Ouch! That really hurt!
You die...

# # ## #.. .# .... .##
#### ##..... ..###..###
###....... #..#.....###
###SO.......
##.........###..###......
##...........### .....
##.........### ....
#...........# ...
#.......†..## ..
##........## . #......###
#.....##


You could see an ogre.

Vanquished Creatures
  A howler monkey (D:5)
  An iguana (D:5)
  An orc wizard (D:3)
  2 adders (D:5)
  A worm (D:3)
  6 dart slugs
  8 orcs (D:3)
  4 ball pythons
  11 endoplasms
  2 giant cockroaches
  2 goblins (D:1)
  5 hobgoblins
  3 jackals (D:2)
  6 quokkas
  5 bats
  6 frilled lizards
  3 kobolds
  7 rats
74 creatures vanquished.

Notes
Turn   | Place    | Note
-------+----------+-------------------------------------------
     0 | D:1      | dolemite99 the Minotaur Shapeshifter began the quest for
                  | the Orb.
     0 | D:1      | Reached XP level 1. HP: 18/18 MP: 0/0
    73 | D:1      | Reached XP level 2. HP: 23/25 MP: 1/1
   430 | D:1      | Reached skill level 3 in Unarmed Combat
   728 | D:1      | Reached XP level 3. HP: 12/30 MP: 2/2
   995 | D:2      | Found Sifio's General Store.
  1434 | D:2      | Bought a scroll of identify for 24 gold pieces
  2167 | D:3      | Reached XP level 4. HP: 18/37 MP: 3/3
  2196 | D:3      | Reached skill level 4 in Unarmed Combat
  2397 | D:3      | You fall into a shaft and drop 2 floors!
  2397 | D:5      | Entered Level 5 of the Dungeon
  2479 | D:5      | Reached XP level 5. HP: 19/42 MP: 4/4
  2645 | D:5      | Noticed an ogre
  2653 | D:5      | Slain by an ogre

Illustrated notes

Levels and vault maps discovered:
D:1:      erik_arrival_triangle_large, layout_basic,
          chequers_serial_rivers_small_b, st_stairs_9,
          nicolae_houndstooth_variations
D:2:      layout_basic, serial_shops, shop, serial_co_window_serial,
          co_window_of_opportunity_a, co_window_paths_b, co_window_paths_b,
          co_window_corner_a, co_window_corner_a, co_window_paths_c,
          co_window_2corner, co_window_corner_ca, co_window_corner_b,
          co_window_broadway_a, glass_columns_a, glass_columns_b,
          glass_columns_c, glass_columns_b, grunt_ministairs_6
D:3:      kennysheep_slugbush, layout_loops_ring
D:5:      dreamdust_elfheim, layout_cave_pods, kennysheep_opposing_triangles

Skill      XL: |  1  2  3  4 |
---------------+-------------+-----
Unarmed Combat | 3 4 |  4.7
Shapeshifting  | 3 |  3.6
Fighting       | |  2.4
Dodging        | |  2.1

Action                     |  1- 3 |  4- 6 || total
---------------------------+-------+-------++-------
  Melee: Unarmed           |    76 |    40 ||   116
         Headbutt          |     5 |       ||     5
         Constrict         |    10 |    14 ||    24
    Use: Scroll            |     4 |     2 ||     6
   Stab: Sleeping          |     3 |     1 ||     4
 Armour: Animal skin       |     5 |       ||     5
         Skin              |    16 |    19 ||    35
  Dodge: Dodged            |    37 |    20 ||    57
  Block: Buckler           |     2 |       ||     2
   Form: Anaconda          |     1 |     1 ||     2
         Beast             |       |     1 ||     1
         Maw               |       |     1 ||     1

Table legend: (Time is in decaauts)
 A = Elapsed time spent in this place.
 B = Non-inter-level travel time spent in this place.
 C = Inter-level travel time spent in this place.
 D = Time resting spent in this place.
 E = Time spent auto-exploring this place.
 F = Levels seen in this place.
 G = Mean time per level.
                   A        B        C        D        E       F      G
               +--------+--------+--------+--------+--------+-----+--------+
         Total |   2645 |   2592 |     53 |    502 |   1455 |   4 |  661.2 |
       Dungeon |   2645 |   2592 |     53 |    502 |   1455 |   4 |  661.2 |
               +--------+--------+--------+--------+--------+-----+--------+

Top non-repeatable levels by time:
     D:2: 1145 daAuts
     D:1: 966 daAuts
     D:3: 279 daAuts
     D:5: 254 daAuts
